PCL
SPOKANE TRAPPERS @ LANSING LUGNUTS
08/06/2023
 
TOP OF THE 1ST
Spokane Trappers batting - Pitching for Lansing Lugnuts : RHP José Torres
Pitching: RHP José Torres
Batting: LHB Keith Browne 0-0: Ball
1-0: Called Strike
1-1: SINGLE (Groundball, 5D)
Batting: RHB Hyo-sang Yu 0-0: Ball
1-0: Foul Ball, location: 2F
1-1: SINGLE (Groundball, 4MD)
Keith Browne to second
Batting: LHB Juan Cortés 0-0: Ball
1-0: 3-RUN HOME RUN (Flyball, 9D), Distance : 400 ft
Batting: RHB Ernesto Acosta 0-0: Fly out, F9 (Popup, 9LS)
Batting: RHB Pedro Guzmán 0-0: Fly out, F7 (Flyball, 7S)
Batting: RHB Ramiro Ross 0-0: Ball
1-0: Called Strike
1-1: Foul Ball, location: 2F
1-2: Ball
2-2: Foul Ball, location: 2F
2-2: Foul Ball, location: 2F
2-2: Strikes out swinging
Top of the 1st over - 3 run(s), 3 hit(s), 0 error(s), 0 left on base; Spokane 3 - Lansing 0
BOTTOM OF THE 1ST
Lansing Lugnuts batting - Pitching for Spokane Trappers : LHP Pedro Mata
Pitching: LHP Pedro Mata
Batting: RHB Taki Chikafuji 0-0: Fly out, F4 (Line Drive, 4)
Batting: RHB Steve Hathaway 0-0: Called Strike
0-1: Foul Ball, location: 2F
0-2: Ball
1-2: Fly out, F7 (Flyball, 8LXD)
Batting: RHB Gilberto López 0-0: Swinging Strike
0-1: Fly out, F5 (Popup, 5F)
Bottom of the 1st over - 0 run(s), 0 hit(s), 0 error(s), 0 left on base; Spokane 3 - Lansing 0
TOP OF THE 2ND
Spokane Trappers batting - Pitching for Lansing Lugnuts : RHP José Torres
Batting: RHB Clyde Kelley 0-0: Foul Ball, location: 2F
0-1: Fly out, F7 (Flyball, 78M)
Batting: LHB Pete Carter 0-0: Foul Ball, location: 2F
0-1: Ball
1-1: Foul Ball, location: 2F
1-2: Strikes out looking
Batting: RHB Guy Miller 0-0: Foul Ball, location: 2F
0-1: Swinging Strike
0-2: Strikes out swinging
Top of the 2nd over - 0 run(s), 0 hit(s), 0 error(s), 0 left on base; Spokane 3 - Lansing 0
BOTTOM OF THE 2ND
Lansing Lugnuts batting - Pitching for Spokane Trappers : LHP Pedro Mata
Batting: LHB Lewis Barr 0-0: Called Strike
0-1: Foul Ball, location: 2F
0-2: Ball
1-2: Ball
2-2: Ball
3-2: Base on Balls
Batting: RHB Jeff Packard 0-0: Ball
1-0: Ball
2-0: Ball
3-0: Base on Balls
Lewis Barr to second
Batting: LHB Damon Mitchell 0-0: Foul Ball, location: 2F
0-1: Grounds into double play, U4-3 (Groundball, 4M)
Lewis Barr to third
Batting: RHB Jim Tracy 0-0: Ball
1-0: Ball
2-0: Ball
3-0: Base on Balls
Batting: LHB Pedro Padilla 0-0: Called Strike
0-1: Ball
1-1: Called Strike
1-2: Strikes out looking
Bottom of the 2nd over - 0 run(s), 0 hit(s), 0 error(s), 2 left on base; Spokane 3 - Lansing 0
TOP OF THE 3RD
Spokane Trappers batting - Pitching for Lansing Lugnuts : RHP José Torres
Batting: LHB Keith Browne 0-0: Ball
1-0: Foul Ball, location: 2F
1-1: Called Strike
1-2: Ball
2-2: Fly out, F9 (Flyball, 89XD)
Batting: RHB Hyo-sang Yu 0-0: Ball
1-0: Ball
2-0: Foul Ball, location: 2F
2-1: Ground out 3-1 (Groundball, 34)
Batting: LHB Juan Cortés 0-0: Ball
1-0: Ball
2-0: DOUBLE (Line Drive, 78M)
Batting: RHB Ernesto Acosta 0-0: Swinging Strike
0-1: Ball
1-1: Foul Ball, location: 2F
1-2: Ground out 5-3 (Groundball, 5L)
Top of the 3rd over - 0 run(s), 1 hit(s), 0 error(s), 1 left on base; Spokane 3 - Lansing 0
BOTTOM OF THE 3RD
Lansing Lugnuts batting - Pitching for Spokane Trappers : LHP Pedro Mata
Batting: RHB Gordon Langley 0-0: Called Strike
0-1: Foul Ball, location: 2F
0-2: Strikes out swinging
Batting: RHB Taki Chikafuji 0-0: Ball
1-0: Ball
2-0: Foul Ball, location: 2F
2-1: Called Strike
2-2: Fly out, F8 (Flyball, 8LXD)
Batting: RHB Steve Hathaway 0-0: Ball
1-0: Called Strike
1-1: Fly out, F8 (Flyball, 8RD)
Bottom of the 3rd over - 0 run(s), 0 hit(s), 0 error(s), 0 left on base; Spokane 3 - Lansing 0
TOP OF THE 4TH
Spokane Trappers batting - Pitching for Lansing Lugnuts : RHP Raúl Contreras
Pitching: RHP Raúl Contreras
Batting: RHB Pedro Guzmán 0-0: Called Strike
0-1: Ball
1-1: Ball
2-1: Called Strike
2-2: Strikes out swinging
Batting: RHB Ramiro Ross 0-0: Called Strike
0-1: Foul Ball, location: 2F
0-2: Ball
1-2: Ball
2-2: Ball
3-2: Foul Ball, location: 2F
3-2: Base on Balls
Batting: RHB Clyde Kelley 0-0: Ball
1-0: Ball
2-0: Called Strike
2-1: SINGLE (Line Drive, 4M)
Ramiro Ross to second
Batting: LHB Pete Carter 0-0: Called Strike
0-1: Foul Ball, location: 2F
0-2: Strikes out swinging
Batting: RHB Guy Miller 0-0: Called Strike
0-1: Called Strike
0-2: DOUBLE (Flyball, 8RXD)
Ramiro Ross scores
Clyde Kelley to third
Runner from 3rd tries for Home, SAFE, no throw or cutoff
Batting: LHB Keith Browne 0-0: Ball
1-0: Called Strike
1-1: Foul Ball, location: 2F
1-2: Foul Ball, location: 2F
1-2: Foul Ball, location: 2F
1-2: Foul Ball, location: 2F
1-2: Fly out, F7 (Flyball, 78D)
Top of the 4th over - 2 run(s), 2 hit(s), 0 error(s), 1 left on base; Spokane 5 - Lansing 0
BOTTOM OF THE 4TH
Lansing Lugnuts batting - Pitching for Spokane Trappers : LHP Pedro Mata
Batting: RHB Gilberto López 0-0: Called Strike
0-1: Ball
1-1: Ball
2-1: Foul Ball, location: 2F
2-2: Ball
3-2: Strikes out looking
Batting: LHB Lewis Barr 0-0: Ball
1-0: SOLO HOME RUN (Flyball, 8RXD) (Inside the Park)
Batting: RHB Jeff Packard 0-0: Fly out, F9 (Popup, 34D)
Batting: LHB Damon Mitchell 0-0: Ball
1-0: Swinging Strike
1-1: Ball
2-1: Foul Ball, location: 2F
2-2: Ball
3-2: Strikes out swinging
Bottom of the 4th over - 1 run(s), 1 hit(s), 0 error(s), 0 left on base; Spokane 5 - Lansing 1
TOP OF THE 5TH
Spokane Trappers batting - Pitching for Lansing Lugnuts : RHP Raúl Contreras
Pitching: RHP Gerald Hood
Batting: RHB Hyo-sang Yu 0-0: Called Strike
0-1: Swinging Strike
0-2: Strikes out looking
Batting: LHB Juan Cortés 0-0: Foul Ball, location: 2F
0-1: Ball
1-1: Ball
2-1: Foul Ball, location: 2F
2-2: Ground out 4-3 (Groundball, 4)
Batting: RHB Ernesto Acosta 0-0: Called Strike
0-1: SINGLE (Line Drive, 7S)
Batting: RHB Pedro Guzmán 0-0: Ball
Single, Error in OF, E7, batter to second base
Ernesto Acosta to third
Batting: RHB Ramiro Ross 0-0: Swinging Strike
0-1: Swinging Strike
0-2: Ball
1-2: Strikes out swinging
Top of the 5th over - 0 run(s), 2 hit(s), 1 error(s), 2 left on base; Spokane 5 - Lansing 1
BOTTOM OF THE 5TH
Lansing Lugnuts batting - Pitching for Spokane Trappers : LHP Pedro Mata
Batting: RHB Jim Tracy 0-0: Foul Ball, location: 2F
0-1: Ball
1-1: Foul Ball, location: 2F
1-2: Foul Ball, location: 2F
1-2: Foul Ball, location: 2F
1-2: Foul Ball, location: 2F
1-2: Ground out 2-3 (Groundball, 23)
Batting: LHB Pedro Padilla 0-0: Ball
1-0: Foul Ball, location: 2F
1-1: Ball
2-1: Ground out 1-3 (Groundball, 13)
Batting: RHB Gordon Langley 0-0: Ball
1-0: Called Strike
1-1: Swinging Strike
1-2: Ball
2-2: Foul Ball, location: 2F
2-2: Strikes out swinging
Bottom of the 5th over - 0 run(s), 0 hit(s), 0 error(s), 0 left on base; Spokane 5 - Lansing 1
TOP OF THE 6TH
Spokane Trappers batting - Pitching for Lansing Lugnuts : RHP Gerald Hood
Batting: RHB Clyde Kelley 0-0: Foul Ball, location: 2F
0-1: Foul Ball, location: 2F
0-2: Strikes out swinging
Batting: LHB Pete Carter 0-0: Ground out 6-3 (Groundball, 6MS)
Batting: RHB Guy Miller 0-0: Ball
1-0: Called Strike
1-1: Ground out 5-3 (Groundball, 56S)
Top of the 6th over - 0 run(s), 0 hit(s), 0 error(s), 0 left on base; Spokane 5 - Lansing 1
BOTTOM OF THE 6TH
Lansing Lugnuts batting - Pitching for Spokane Trappers : LHP Pedro Mata
Batting: RHB Taki Chikafuji 0-0: Ball
1-0: Ground out 4-3 (Groundball, 4)
Batting: RHB Steve Hathaway 0-0: Ball
1-0: Ball
2-0: Fly out, F9 (Flyball, 9M)
Batting: RHB Gilberto López 0-0: Fly out, F2 (Popup, 23F)
Bottom of the 6th over - 0 run(s), 0 hit(s), 0 error(s), 0 left on base; Spokane 5 - Lansing 1
TOP OF THE 7TH
Spokane Trappers batting - Pitching for Lansing Lugnuts : RHP Gerald Hood
Pitching: RHP Armando Rodríguez
Batting: LHB Keith Browne 0-0: SOLO HOME RUN (Flyball, 89XD), Distance : 420 ft
Batting: RHB Hyo-sang Yu 0-0: Ball
1-0: Called Strike
1-1: Ground out 6-3 (Groundball, 6M)
Batting: LHB Juan Cortés 0-0: SOLO HOME RUN (Flyball, 8LXD) (Inside the Park)
Batting: RHB Ernesto Acosta 0-0: Called Strike
0-1: Fly out, F8 (Flyball, 8RM)
Batting: RHB Pedro Guzmán 0-0: Fly out, F7 (Flyball, 7M)
Top of the 7th over - 2 run(s), 2 hit(s), 0 error(s), 0 left on base; Spokane 7 - Lansing 1
BOTTOM OF THE 7TH
Lansing Lugnuts batting - Pitching for Spokane Trappers : LHP Pedro Mata
Batting: LHB Lewis Barr 0-0: Ball
1-0: SINGLE (Groundball, 4MD)
Batting: RHB Jeff Packard 0-0: Called Strike
0-1: Called Strike
0-2: Ball
1-2: Ball
2-2: Foul Ball, location: 2F
2-2: Ball
3-2: Strikes out swinging
Lewis Barr is caught stealing 2nd base
Batter strikes out.
Batting: LHB Damon Mitchell 0-0: Foul Ball, location: 2F
0-1: Fly out, F2 (Popup, 5SF)
Bottom of the 7th over - 0 run(s), 1 hit(s), 0 error(s), 0 left on base; Spokane 7 - Lansing 1
TOP OF THE 8TH
Spokane Trappers batting - Pitching for Lansing Lugnuts : RHP Armando Rodríguez
Batting: RHB Ramiro Ross 0-0: Called Strike
0-1: Called Strike
0-2: Fly out, F7 (Line Drive, 7D)
Batting: RHB Clyde Kelley 0-0: Foul Ball, location: 2F
0-1: Ball
1-1: Called Strike
1-2: Ball
2-2: Fly out, F9 (Flyball, 9LM)
Batting: LHB Pete Carter 0-0: Called Strike
0-1: Ball
1-1: Foul Ball, location: 2F
1-2: Ball
2-2: SINGLE (Groundball, 56)
Batting: RHB Guy Miller 0-0: Ball
1-0: Ball
2-0: 2-RUN HOME RUN (Flyball, 7D), Distance : 418 ft
Batting: LHB Keith Browne 0-0: Called Strike
0-1: Ball
1-1: Ball
2-1: Reached on error, E4 (Groundball, 4)
Pitching: LHP Steve Paredes
Batting: RHB Hyo-sang Yu 0-0: SINGLE (Line Drive, 3)
Keith Browne to second
Batting: LHB Juan Cortés 0-0: Called Strike
0-1: Ball
1-1: Ball
2-1: Foul Ball, location: 2F
2-2: Ball
3-2: Strikes out swinging
Top of the 8th over - 2 run(s), 3 hit(s), 1 error(s), 2 left on base; Spokane 9 - Lansing 1
BOTTOM OF THE 8TH
Lansing Lugnuts batting - Pitching for Spokane Trappers : LHP Pedro Mata
Pitching: RHP Arthur Green
Batting: RHB Jim Tracy 0-0: Ball
1-0: Ball
2-0: Called Strike
2-1: Foul Ball, location: 2F
2-2: Reached on error, E5 (Groundball, 5L)
Batting: LHB Pedro Padilla 0-0: Called Strike
0-1: 2-RUN HOME RUN (Line Drive, 9D), Distance : 410 ft
Batting: RHB Gordon Langley 0-0: Called Strike
0-1: Ball
1-1: Called Strike
1-2: Strikes out swinging
Batting: RHB Taki Chikafuji 0-0: Ball
1-0: Ball
2-0: Foul Ball, location: 2F
2-1: Foul Ball, location: 2F
2-2: Fly out, F8 (Flyball, 8RD)
Batting: RHB Steve Hathaway 0-0: Swinging Strike
0-1: Called Strike
0-2: Ball
1-2: Foul Ball, location: 2F
1-2: Strikes out swinging
Bottom of the 8th over - 2 run(s), 1 hit(s), 1 error(s), 0 left on base; Spokane 9 - Lansing 3
TOP OF THE 9TH
Spokane Trappers batting - Pitching for Lansing Lugnuts : LHP Steve Paredes
Batting: RHB Ernesto Acosta 0-0: Fly out, F5 (Popup, 13)
Batting: RHB Pedro Guzmán 0-0: Called Strike
0-1: Ground out 6-3 (Groundball, 6)
Batting: RHB Ramiro Ross 0-0: Reached on error, E6 (Groundball, 6)
Batting: RHB Clyde Kelley 0-0: Called Strike
0-1: Swinging Strike
0-2: Foul Ball, location: 2F
0-2: Fly out, F8 (Flyball, 8LXD)
Top of the 9th over - 0 run(s), 0 hit(s), 1 error(s), 1 left on base; Spokane 9 - Lansing 3
BOTTOM OF THE 9TH
Lansing Lugnuts batting - Pitching for Spokane Trappers : RHP Arthur Green
Batting: RHB Gilberto López 0-0: Ball
1-0: Swinging Strike
1-1: SINGLE (Line Drive, 6D)
Batting: LHB Lewis Barr 0-0: Ball
1-0: Ball
2-0: Called Strike
2-1: Ground out 2-3 (Groundball, 23)
Gilberto López to second
Pitching: LHP Miguel Martínez
Batting: RHB Jeff Packard 0-0: Ball
1-0: Ground out 1-3 (Groundball, 23)
Gilberto López to third
Batting: LHB Damon Mitchell 0-0: Ball
1-0: Called Strike
1-1: Ball
2-1: Foul Ball, location: 2F
2-2: Ball
Wild Pitch!
Gilberto López scores
3-2: Strikes out looking
Bottom of the 9th over - 1 run(s), 1 hit(s), 0 error(s), 0 left on base; Spokane 9 - Lansing 4
This league is powered by Out of the Park Baseball, the baseball management simulation game for PC, Mac and Linux
Wednesday, December 2nd, 2015 - OOTP Baseball 16.8 Build 38